BSA
SAN FRANCISCO BANDITS @ MAUI TROPICS
07/15/2030
 
TOP OF THE 1ST
San Francisco Bandits batting - Pitching for Maui Tropics : RHP Cliff Erwin
Pitching: RHP Cliff Erwin
Batting: RHB Peter Bishop 0-0: Called Strike
0-1: Reached on error, E5 (Groundball, 5S)
Batting: RHB Scott Merritt 0-0: Ball
Peter Bishop steals 3rd base
1-0: Called Strike
1-1: Ball
2-1: Ground out 1-3 (Groundball, 15S)
Batting: LHB Chris Austin 0-0: Called Strike
0-1: SINGLE (Flyball, 78M)
Peter Bishop scores
Batting: RHB Owen Carter 0-0: Ball
1-0: Called Strike
1-1: Foul Ball, location: 2F
1-2: Ball
2-2: Ball
3-2: SINGLE (Line Drive, 34D)
Chris Austin to second
Batting: LHB Alan McGilroy 0-0: Ball
1-0: Foul Ball, location: 2F
1-1: Ball
2-1: Called Strike
2-2: Fly out, F9 (Flyball, 89M)
Batting: RHB Michael Elliott 0-0: Foul Ball, location: 2F
0-1: Ball
1-1: Foul Ball, location: 2F
1-2: Ball
2-2: Fly out, F3 (Popup, 3S)
Top of the 1st over - 1 run, 2 hits, 1 error, 2 left on base; San Francisco 1 - Maui 0
BOTTOM OF THE 1ST
Maui Tropics batting - Pitching for San Francisco Bandits : RHP Gennarino Lucchetti
Pitching: RHP Gennarino Lucchetti
Batting: LHB Warren Potter 0-0: DOUBLE (Flyball, 89D)
Batting: LHB Dave Cook 0-0: Foul Ball, location: 2F
0-1: Ball
1-1: Foul Ball, location: 2F
1-2: Ball
2-2: SINGLE (Groundball, 34D)
Warren Potter to third
Runner from 3rd tries for Home, SAFE, no throw
Batting: RHB Jesús Espinoza 0-0: Ball
1-0: Ball
2-0: Called Strike
2-1: Called Strike
2-2: Ball
3-2: Grounds into double play, 6-4-3 (Groundball, 6)
Batting: RHB Luis Alou 0-0: Swinging Strike
0-1: Fly out, F3 (Popup, 3SF)
Bottom of the 1st over - 1 run, 2 hits, 0 errors, 0 left on base; San Francisco 1 - Maui 1
TOP OF THE 2ND
San Francisco Bandits batting - Pitching for Maui Tropics : RHP Cliff Erwin
Batting: RHB Javier Ramírez 0-0: SINGLE (Line Drive, 78M)
Batting: RHB Millard Stark 0-0: Called Strike
0-1: Grounds into double play, 4-6-3 (Groundball, 4)
Batting: RHB Jaime Spiridon 0-0: Ball
1-0: Ball
2-0: Fly out, F7 (Flyball, 7S)
Top of the 2nd over - 0 runs, 1 hit, 0 errors, 0 left on base; San Francisco 1 - Maui 1
BOTTOM OF THE 2ND
Maui Tropics batting - Pitching for San Francisco Bandits : RHP Gennarino Lucchetti
Batting: LHB Luis Antonio Torres 0-0: Ball
1-0: Ground out 6-3 (Groundball, 56D)
Batting: RHB José Rodríguez 0-0: Ball
1-0: Foul Ball, location: 2F
1-1: Ball
2-1: Ground out 6-3 (Groundball, 6S)
Batting: RHB Michael Woodruff 0-0: Swinging Strike
0-1: Called Strike
0-2: Ball
1-2: SOLO HOME RUN (Flyball, 7D), Distance : 354 ft
Batting: RHB Matt Silver 0-0: Called Strike
0-1: Called Strike
0-2: Ball
1-2: Foul Ball, location: 2F
1-2: Ball
2-2: Foul Ball, location: 2F
2-2: Foul Ball, location: 2F
2-2: Strikes out swinging, 2-3 out at first.
Bottom of the 2nd over - 1 run, 1 hit, 0 errors, 0 left on base; San Francisco 1 - Maui 2
TOP OF THE 3RD
San Francisco Bandits batting - Pitching for Maui Tropics : RHP Cliff Erwin
Batting: RHB Peter Bishop 0-0: Ground out 5-3 (Groundball, 56)
Batting: RHB Scott Merritt 0-0: Ball
1-0: Called Strike
1-1: DOUBLE (Line Drive, 7D)
Batting: LHB Chris Austin 0-0: SINGLE (Line Drive, 8LS)
Scott Merritt to third
Runner from 3rd tries for Home, SAFE, no throw
Batting: RHB Owen Carter 0-0: Called Strike
0-1: SINGLE (Line Drive, 9LS)
Chris Austin to second
Batting: LHB Alan McGilroy 0-0: Called Strike
0-1: Ball
1-1: Ball
2-1: Fly out, F9 (Flyball, 9)
Batting: RHB Michael Elliott 0-0: Foul Ball, location: 2F
0-1: Fly out, F5 (Line Drive, 5S)
Top of the 3rd over - 1 run, 3 hits, 0 errors, 2 left on base; San Francisco 2 - Maui 2
BOTTOM OF THE 3RD
Maui Tropics batting - Pitching for San Francisco Bandits : RHP Gennarino Lucchetti
Batting: RHB John Brown 0-0: Ball
1-0: Foul Ball, location: 2F
1-1: Called Strike
1-2: Strikes out swinging
Batting: LHB Warren Potter 0-0: Foul Ball, location: 2F
0-1: SOLO HOME RUN (Flyball, 9D), Distance : 344 ft
Batting: LHB Dave Cook 0-0: Ball
1-0: Swinging Strike
1-1: Swinging Strike
1-2: Fly out, F9 (Flyball, 89S)
Batting: RHB Jesús Espinoza 0-0: Fly out, F9 (Flyball, 9S)
Bottom of the 3rd over - 1 run, 1 hit, 0 errors, 0 left on base; San Francisco 2 - Maui 3
TOP OF THE 4TH
San Francisco Bandits batting - Pitching for Maui Tropics : RHP Cliff Erwin
Batting: RHB Javier Ramírez 0-0: Called Strike
0-1: Foul Ball, location: 2F
0-2: Ball
1-2: Foul Ball, location: 2F
1-2: Strikes out swinging
Batting: RHB Millard Stark 0-0: Ball
1-0: Foul Ball, location: 2F
1-1: Foul Ball, location: 2F
1-2: Foul Ball, location: 2F
1-2: Foul Ball, location: 2F
1-2: Ground out 6-3 (Groundball, 6M)
Batting: RHB Jaime Spiridon 0-0: Swinging Strike
0-1: Ball
1-1: Ball
2-1: Foul Ball, location: 2F
2-2: Ground out 6-3 (Groundball, 6)
Top of the 4th over - 0 runs, 0 hits, 0 errors, 0 left on base; San Francisco 2 - Maui 3
BOTTOM OF THE 4TH
Maui Tropics batting - Pitching for San Francisco Bandits : RHP Gennarino Lucchetti
Batting: RHB Luis Alou 0-0: Ball
1-0: Called Strike
1-1: Swinging Strike
1-2: Strikes out looking
Batting: LHB Luis Antonio Torres 0-0: Ball
1-0: Ball
2-0: Called Strike
2-1: Ball
3-1: Fly out, F9 (Line Drive, 9S)
Batting: RHB José Rodríguez 0-0: Foul Ball, location: 2F
0-1: Foul Ball, location: 2F
0-2: DOUBLE (Flyball, 89D)
Batting: RHB Michael Woodruff 0-0: Ball
1-0: Foul Ball, location: 2F
1-1: Called Strike
1-2: Strikes out swinging
Bottom of the 4th over - 0 runs, 1 hit, 0 errors, 1 left on base; San Francisco 2 - Maui 3
TOP OF THE 5TH
San Francisco Bandits batting - Pitching for Maui Tropics : RHP Cliff Erwin
Batting: RHB Peter Bishop 0-0: Ball
1-0: Ground out 5-3 (Groundball, 56S)
Batting: RHB Scott Merritt 0-0: DOUBLE (Line Drive, 7LM)
Batting: LHB Chris Austin 0-0: Ball
1-0: Ball
2-0: Ball
3-0: Called Strike
3-1: Foul Ball, location: 2F
3-2: Base on Balls
Batting: RHB Owen Carter 0-0: Called Strike
0-1: Ball
1-1: Fly out, F9 (Flyball, 89M)
Batting: LHB Alan McGilroy 0-0: Ball
1-0: Ball
2-0: Called Strike
2-1: Foul Ball, location: 2F
2-2: Foul Ball, location: 2F
2-2: Strikes out looking
Top of the 5th over - 0 runs, 1 hit, 0 errors, 2 left on base; San Francisco 2 - Maui 3
BOTTOM OF THE 5TH
Maui Tropics batting - Pitching for San Francisco Bandits : RHP Gennarino Lucchetti
Batting: RHB Matt Silver 0-0: Ball
1-0: Ground out 6-3 (Groundball, 6)
Batting: RHB John Brown 0-0: Foul Ball, location: 2F
0-1: Called Strike
0-2: Foul Ball, location: 2F
0-2: Ball
1-2: Foul Ball, location: 2F
1-2: Fly out, F7 (Flyball, 7LMF)
Batting: LHB Warren Potter 0-0: Called Strike
0-1: Swinging Strike
0-2: Ball
1-2: SOLO HOME RUN (Line Drive, 9D), Distance : 371 ft
Batting: LHB Dave Cook 0-0: Called Strike
0-1: Ground out 5-3 (Groundball, 56S)
Bottom of the 5th over - 1 run, 1 hit, 0 errors, 0 left on base; San Francisco 2 - Maui 4
TOP OF THE 6TH
San Francisco Bandits batting - Pitching for Maui Tropics : RHP Cliff Erwin
Batting: RHB Michael Elliott 0-0: Called Strike
0-1: DOUBLE (Line Drive, 78XD)
Batting: RHB Javier Ramírez 0-0: Called Strike
0-1: Ball
1-1: Swinging Strike
1-2: Strikes out looking
Batting: RHB Millard Stark 0-0: Called Strike
Michael Elliott steals 3rd base
0-1: Foul Ball, location: 2F
0-2: Ball
1-2: Ball
2-2: Fly out, F8 (Flyball, 8RS)
Runner from 3rd tags up, SCORES, no throw
Batting: RHB Jaime Spiridon 0-0: Called Strike
0-1: Ball
1-1: Foul Ball, location: 2F
1-2: Ball
2-2: Ball
3-2: Foul Ball, location: 2F
3-2: Base on Balls
Batting: RHB Peter Bishop 0-0: Ball
1-0: Foul Ball, location: 2F
1-1: Ball
Jaime Spiridon is caught stealing 2nd base
Top of the 6th over - 1 run, 1 hit, 0 errors, 0 left on base; San Francisco 3 - Maui 4
BOTTOM OF THE 6TH
Maui Tropics batting - Pitching for San Francisco Bandits : RHP Gennarino Lucchetti
Batting: RHB Jesús Espinoza 0-0: Swinging Strike
0-1: Fly out, F8 (Flyball, 8RM)
Batting: RHB Luis Alou 0-0: Fly out, F7 (Flyball, 7D)
Batting: LHB Luis Antonio Torres 0-0: Foul Ball, location: 2F
0-1: Ball
1-1: Ball
2-1: SINGLE (Groundball, 6MD)
Batting: RHB José Rodríguez 0-0: Called Strike
0-1: Ball
1-1: 2-RUN HOME RUN (Flyball, 7LD), Distance : 345 ft
Pitching: RHP Cristóbal Gómez
Batting: RHB Michael Woodruff 0-0: Swinging Strike
0-1: Swinging Strike
0-2: Strikes out swinging
Bottom of the 6th over - 2 runs, 2 hits, 0 errors, 0 left on base; San Francisco 3 - Maui 6
TOP OF THE 7TH
San Francisco Bandits batting - Pitching for Maui Tropics : RHP Cliff Erwin
Pitching: RHP César Rúbio
Batting: RHB Peter Bishop 0-0: Called Strike
0-1: Ball
1-1: Ball
2-1: Ball
3-1: Foul Ball, location: 2F
3-2: Fly out, F8 (Flyball, 8LS)
Batting: RHB Scott Merritt 0-0: Called Strike
0-1: Fly out, F7 (Flyball, 7D)
Batting: LHB Chris Austin 0-0: Ball
1-0: Ball
2-0: Ball
3-0: Called Strike
3-1: Called Strike
3-2: Foul Ball, location: 2F
3-2: Foul Ball, location: 2F
3-2: Base on Balls
Batting: RHB Owen Carter 0-0: Ball
1-0: Called Strike
1-1: Ball
2-1: Fielders Choice at 2nd, 5-4 (Groundball, 5)
Top of the 7th over - 0 runs, 0 hits, 0 errors, 1 left on base; San Francisco 3 - Maui 6
BOTTOM OF THE 7TH
Maui Tropics batting - Pitching for San Francisco Bandits : RHP Cristóbal Gómez
Batting: RHB Matt Silver 0-0: Foul Ball, location: 2F
0-1: Foul Ball, location: 2F
0-2: Foul Ball, location: 2F
0-2: Foul Ball, location: 2F
0-2: Ground out 6-3 (Groundball, 6)
Batting: RHB John Brown 0-0: Called Strike
0-1: Fly out, F6 (Popup, 6M)
Pitching: RHP Alfonso Martínez
Batting: LHB Warren Potter 0-0: Hit by Pitch
Batting: LHB Dave Cook 0-0: Ball
1-0: Ball
2-0: Foul Ball, location: 2F
2-1: Ball
3-1: Foul Ball, location: 2F
3-2: Foul Ball, location: 2F
3-2: Strikes out swinging
Bottom of the 7th over - 0 runs, 0 hits, 0 errors, 1 left on base; San Francisco 3 - Maui 6
TOP OF THE 8TH
San Francisco Bandits batting - Pitching for Maui Tropics : RHP César Rúbio
Batting: LHB Alan McGilroy 0-0: Called Strike
0-1: Ball
1-1: Called Strike
1-2: Strikes out swinging
Batting: RHB Michael Elliott 0-0: Ball
1-0: Foul Ball, location: 2F
1-1: Ball
2-1: Foul Ball, location: 2F
2-2: Foul Ball, location: 2F
2-2: Strikes out swinging
Batting: RHB Javier Ramírez 0-0: Ball
1-0: Swinging Strike
1-1: Foul Ball, location: 2F
1-2: Foul Ball, location: 2F
1-2: Ball
2-2: Foul Ball, location: 2F
2-2: Ball
3-2: Ground out U3 (Groundball, 3S)
Top of the 8th over - 0 runs, 0 hits, 0 errors, 0 left on base; San Francisco 3 - Maui 6
BOTTOM OF THE 8TH
Maui Tropics batting - Pitching for San Francisco Bandits : RHP Alfonso Martínez
Batting: RHB Jesús Espinoza 0-0: Ball
1-0: Foul Ball, location: 2F
1-1: Ball
2-1: Ball
3-1: Fly out, F9 (Flyball, 9S)
Batting: RHB Luis Alou 0-0: Foul Ball, location: 2F
0-1: Ball
1-1: Ball
2-1: Swinging Strike
2-2: SOLO HOME RUN (Flyball, 7D), Distance : 342 ft
Batting: LHB Luis Antonio Torres 0-0: Ball
1-0: Ball
2-0: Ball
3-0: Ground out 6-3 (Groundball, 6)
Batting: RHB José Rodríguez 0-0: Ball
1-0: Called Strike
1-1: Called Strike
1-2: Foul Ball, location: 2F
1-2: Ball
2-2: Strikes out looking
Bottom of the 8th over - 1 run, 1 hit, 0 errors, 0 left on base; San Francisco 3 - Maui 7
TOP OF THE 9TH
San Francisco Bandits batting - Pitching for Maui Tropics : RHP César Rúbio
Pitching: RHP Ramón Estrada
Batting: RHB Millard Stark 0-0: Called Strike
0-1: Fly out, F8 (Flyball, 78D)
Batting: RHB Jaime Spiridon 0-0: Ball
1-0: Called Strike
1-1: Ball
2-1: Ground out 5-3 (Groundball, 56)
Batting: RHB Peter Bishop 0-0: Fly out, F7 (Flyball, 7S)
Top of the 9th over - 0 runs, 0 hits, 0 errors, 0 left on base; San Francisco 3 - Maui 7
Saturday, April 7th, 2018 - OOTP Baseball 18.8 Build 76